 Dungeon Crawl Stone Soup version 0.23-b1-70-gd12f7cf (webtiles) character file.

Game seed: 14828097451436369826

196 Kold the Chopper (level 5, 0/46 HPs)
             Began as a Hill Orc Monk on Feb 6, 2019.
             Slain by Robin
             ... wielding a +0 club
              (4 damage)
             ... on level 4 of the Dungeon.
             The game lasted 00:05:20 (3635 turns).

Kold the Chopper (Hill Orc Monk)                    Turns: 3635, Time: 00:05:21

Health: 0/46       AC:  2    Str: 15    XL:     5   Next: 74%
Magic:  5/5        EV: 13    Int: 10    God:
Gold:   124        SH:  0    Dex: 15    Spells: 4/4 levels left

rFire    . . .     SeeInvis .   a - +0 hand axe
rCold    . . .     Gourm    .   (no shield)
rNeg     . . .     Faith    .   b - +0 robe
rPois    .         Spirit   .   (no helmet)
rElec    .         Reflect  .   (no cloak)
rCorr    .         Harm     .   (no gloves)
MR       .....                  (no boots)
Stlth    ++........             (no amulet)
HPRegen  0.15/turn              e - +2 ring of dexterity
MPRegen  0.09/turn              n - ring of flight

@: no status effects
A: no striking features
a: Evoke Flight


You were on level 4 of the Dungeon.
You were not hungry.

You visited 1 branch of the dungeon, and saw 4 of its levels.

You collected 124 gold pieces.

Inventory:

Hand Weapons
 a - a +0 hand axe (weapon)
Armour
 b - a +0 robe (worn)
Jewellery
 e - a +2 ring of dexterity (left hand)
 n - a ring of flight (right hand)
Wands
 q - a wand of clouds (3)
Scrolls
 d - 7 scrolls of identify {unknown}
 h - 4 scrolls of enchant weapon {unknown}
 i - 2 scrolls of remove curse {unknown}
 k - 2 scrolls of teleportation {unknown}
 l - a scroll of fear {unknown}
 o - a scroll of enchant armour {unknown}
 p - a scroll of random uselessness {unknown}
Potions
 f - a potion of lignification {unknown}
 g - a potion of magic {unknown}
 j - a potion of cancellation
 m - a potion of curing
Comestibles
 c - 5 rations


   Skills:
 - Level 4.0 Fighting
 + Level 7.5 Axes
 - Level 3.0 Dodging
 - Level 1.5 Stealth


You had 4 spell levels left.
You didn't know any spells.
Your spell library was empty.

Dungeon Overview and Level Annotations

Branches:
Dungeon (4/15)             Temple (0/1) D:4

Altars:
Cheibriados
Kikubaaqudgha
Qazlal
Sif Muna
Trog
The Shining One

Annotations:
D:4 Robin


Message History

The hobgoblin misses you. Robin hits you with a +0 club.
* * * LOW HITPOINT WARNING * * *
The bullfrog skeleton misses you.
It was a potion of curing.
You feel better. The hobgoblin closely misses you.
The bullfrog skeleton closely misses you.
Robin hits you but does no damage.
You hit the hobgoblin.
You kill the hobgoblin!
You hit Robin. You hit the bullfrog skeleton. The bullfrog skeleton hits you.
* * * LOW HITPOINT WARNING * * *
Robin hits you with a +0 club.
* * * LOW HITPOINT WARNING * * *
Aiming: Cloud Cone
Press: ? - help, Dir - move target cursor, f - Robin
Aim: Robin, wielding a +0 club, wearing a +0 animal skin and wearing a +0 helmet (heavily wounded)
You create a blast of noxious fumes!
The bullfrog skeleton hits you.
* * * LOW HITPOINT WARNING * * *
Robin is engulfed in noxious fumes.
Robin appears confused.
Robin hits you with a +0 club.
You die...

###.......#
.........##
#....(...# #
#...(##..###.. ##
#..(.##..... ##.
##....##..# .#.
##..##.....#
...#####...###§†)##
............##§g@#
.#..........###)Z#
.##....####.>##))#
.###..## .......#
<.###..##...###...
...##.....### #....
##..#....## #....#
##.......# ....##
#..###...# .....


You could see Robin (confused) and a bullfrog skeleton.

Vanquished Creatures
  Natasha (thrice) (D:2)
  5 adders
  An ooze (D:1)
  2 worms (D:2)
  An orc (D:3)
  2 giant cockroaches
  12 goblins
  9 hobgoblins
  6 jackals (D:2)
  6 kobolds
  A quokka (D:3)
  6 bats
  3 frilled lizards
  4 rats
61 creatures vanquished.

Notes
Turn   | Place    | Note
-------+----------+-------------------------------------------
     0 | D:1      | Kold the Hill Orc Monk began the quest for the Orb.
     0 | D:1      | Reached XP level 1. HP: 19/19 MP: 1/1
   360 | D:1      | Reached XP level 2. HP: 26/27 MP: 2/2
   364 | D:1      | You fall through a shaft!
   386 | D:2      | Found a deep blue altar of Sif Muna.
   389 | D:2      | Found an ancient bone altar of Kikubaaqudgha.
   389 | D:2      | Found a bloodstained altar of Trog.
   393 | D:2      | Found a snail-covered altar of Cheibriados.
   708 | D:1      | Reached XP level 3. HP: 33/33 MP: 3/3
  1382 | D:2      | Reached skill level 5 in Axes
  1608 | D:2      | Noticed Natasha
  1867 | D:2      | Killed Natasha
  1867 | D:2      | Reached XP level 4. HP: 26/40 MP: 4/4
  1989 | D:2      | Noticed Natasha
  2004 | D:2      | Killed Natasha
  2004 | D:2      | Reached skill level 6 in Axes
  2185 | D:2      | Noticed Natasha
  2196 | D:2      | Killed Natasha
  2196 | D:2      | Reached XP level 5. HP: 28/46 MP: 5/5
  2668 | D:2      | Found a glowing golden altar of the Shining One.
  2738 | D:3      | Reached skill level 7 in Axes
  3105 | D:3      | Found a stormy altar of Qazlal.
  3505 | D:4      | Found a staircase to the Ecumenical Temple.
  3617 | D:4      | Noticed Robin
  3635 | D:4      | Slain by Robin

Skill      XL: |  1  2  3  4  5 |
---------------+----------------+-----
Fighting       | 4 |  4.0
Axes           | 5 6 7 |  7.5
Dodging        | 3 |  3.0
Stealth        | |  1.5

Action                   |  1- 3 |  4- 6 || total
-------------------------+-------+-------++-------
Melee: Hand axe          |   102 |   125 ||   227
Evoke: Wand              |       |     1 ||     1
  Use: Potion            |       |     2 ||     2
 Stab: Sleeping          |     1 |     1 ||     2
  Eat: Chunk             |     3 |     6 ||     9
Armor: Robe              |    32 |    27 ||    59
Dodge: Dodged            |    61 |    94 ||   155
